 Dungeon Crawl Stone Soup version 0.26-a0-597-gb535b0901c (webtiles) character file.

Game seed: 1635556964442673759

18731 Lugonue the Blocker (level 12, -13/59 HPs)
             Began as a Deep Elf Conjurer on Sept 14, 2020.
             Was an Initiate of Gozag.
             Mangled by a polar bear (22 damage)
             ... on level 1 of the Lair of Beasts.
             The game lasted 00:34:44 (16408 turns).

Lugonue the Blocker (Deep Elf Conjurer)            Turns: 16408, Time: 00:34:45

Health: -13/59     AC: 13    Str:  4    XL:     12   Next: 30%
Magic:  0/37       EV: 14    Int: 29    God:    Gozag
Gold:   1299       SH: 14    Dex: 16    Spells: 17/31 levels left

rFire    + . .     SeeInvis .   y - staff of poison
rCold    . . .     Faith    .   e - +3 kite shield {AC+3}
rNeg     . . .     Spirit   +   w - +3 leather armour {MR+}
rPois    +         Reflect  .   (no helmet)
rElec    .         Harm     .   (no cloak)
rCorr    .                      c - +2 pair of gloves {Dex+3}
MR       ++...                  A - +0 pair of boots
Stlth    +++.......             b - amulet of guardian spirit
HPRegen  0.19/turn              f - ring of magical power
MPRegen  0.25/turn              o - ring of protection from fire

@: no status effects
A: no striking features
a: Potion Petition, Call Merchant, Bribe Branch, Renounce Religion


You were on level 1 of the Lair of Beasts.
You worshipped Gozag.
Gozag was most pleased with you.
You visited 3 branches of the dungeon, and saw 13 of its levels.
You also visited: Sewer.

You collected 2420 gold pieces.
You spent 455 gold pieces at shops.
You paid 666 gold pieces to Gozag.

Inventory:

Armour
 c - a +2 pair of gloves of dexterity (worn)
 e - a +3 kite shield of protection (worn)
 w - a +3 leather armour of magic resistance (worn)
 A - a +0 pair of boots (worn)
Magical Staves
 y - an uncursed staff of poison (weapon)
Jewellery
 b - an amulet of guardian spirit (around neck)
 f - a ring of magical power (left hand)
 o - a ring of protection from fire (right hand)
 z - an uncursed ring of ice
Wands
 a - a wand of paralysis (8)
 m - a wand of random effects (14)
 u - a wand of flame (24)
 B - a wand of iceblast (2)
Scrolls
 i - a scroll of identify
 n - 4 scrolls of magic mapping
 p - a scroll of enchant armour
 r - a scroll of teleportation
 s - a scroll of fear
 x - 2 scrolls of remove curse
Potions
 d - 5 potions of stabbing
 g - 2 potions of flight
 h - 4 potions of haste
 j - 3 potions of might
 k - 2 potions of lignification
 q - a potion of curing
 t - 2 potions of brilliance
 v - a potion of invisibility
 C - a potion of heal wounds


   Skills:
 + Level 2.6 Armour
 + Level 6.0 Dodging
 + Level 4.6 Stealth
 + Level 12.7 Shields
 + Level 10.3 Spellcasting
 + Level 10.0 Conjurations
 + Level 2.5 Hexes
 + Level 2.2 Translocations
 + Level 1.3 Evocations


You had 17 spell levels left.
You knew the following spells:

 Your Spells              Type           Power        Failure   Level
a - Magic Dart            Conj           ####         1%          1
b - Searing Ray           Conj           ######       1%          2
c - Iskenderun's Mystic   Conj/Tloc      ######..     7%          4
d - Dazzling Flash        Conj/Hex       ######       1%          3
e - Fulminant Prism       Conj/Hex       ######....   6%          4

Your spell library contained the following spells:

 Spells                   Type           Power        Failure   Level
 Apportation              Tloc           ####..       3%          1
 Corona                   Hex            ####...      3%          1
 Animate Skeleton         Necr           ##....       9%          1
 Pain                     Necr           ##..         9%          1
 Summon Small Mammal      Summ           ##..         9%          1
 Vampiric Draining        Necr           ##........   26%         3
 Animate Dead             Necr           ##........   63%         4
 Agony                    Necr           ##......     93%         5


Dungeon Overview and Level Annotations

Branches:
Dungeon (10/15)            Temple (1/1) D:4            Lair (2/6) D:9
  Sewer (visited)
  Swamp: Lair:2-4    Shoals: Lair:2-4     Snake: Lair:2-4    Spider: Lair:2-4
    Orc: D:9-12

Altars:
Ashenzari
Cheibriados
Dithmenos
Elyvilon
Fedhas
Gozag
Hepliaklqana
Kikubaaqudgha
Makhleb
Nemelex Xobeh
Okawaru
Qazlal
Ru
Sif Muna
Trog
Vehumet
Wu Jian
Xom
Yredelemnul
Zin
The Shining One

Shops:
D:9 [


Message History

You block the polar bear's attack. The polar bear claws you.
The polar bear claws you but does no damage.
The searing ray misses the polar bear.
You finish channeling your searing ray.
You block the polar bear's attack.
The polar bear claws you but does no damage.
You block the polar bear's attack. The polar bear bites you!
* * * LOW HITPOINT WARNING * * *
The polar bear claws you but does no damage.
The polar bear closely misses you.
Casting: Searing Ray (safe; 1% risk of failure)
Confirm with . or Enter, or press ? or * to list all spells.
Aiming: Searing Ray (safe; 1% risk of failure)
Press: ? - help, Shift-Dir - straight line, f/p - polar bear
Aim: a polar bear (almost dead, berserk)
The searing ray hits the polar bear.
The polar bear is almost dead. (Press . to maintain the ray.)
The polar bear bites you!!
You die...
Your body crumbles into a pile of gold.

##........#
#.....
##.....###
##.....
##.......##
#......
##.........##
##.....
##.....#.....##
#.....
P.....###.....##
#..... .....##
##.....## #.....
....## ##.....##
#..... ...##
##....@## #.....
....# ##....h###
##..... .####
##....(P#
#...... ##
##.....###
##..... #
##......# #h....
##.....##
##>....
##.....##
#......
##.....####.....
##.....###.....


You could see a polar bear (berserk).

Vanquished Creatures
  Fannar (Lair:1)
  A hydra (Lair:1)
  Erica (Lair:1)
  8 wizards (D:10)
  A black mamba (Lair:1)
  An elephant (D:9)
  Maurice (D:8)
  4 cane toads
  Joseph (D:8)
  A komodo dragon (Lair:2)
  5 polar bears (Lair:2)
  Prince Ribbit (D:6)
  3 hippogriffs
  Sigmund (D:2)
  2 wyverns (D:9)
  16 yaks
  A basilisk (Lair:1)
  A water moccasin (Lair:2)
  3 porcupines
  3 orc warriors
  2 sky beasts
  9 black bears
  A necrophage (D:5)
  5 ogres
  6 wolves (Lair:2)
  4 centaurs
  8 crocodiles
  2 big kobolds (D:10)
  4 bullfrogs
  2 scorpions
  4 killer bees (D:9)
  3 wights (D:6)
  A howler monkey (D:7)
  2 bullfrog zombies (D:7)
  A hound (D:10)
  7 orc wizards
  3 jellies
  4 orc priests
  A bullfrog skeleton (D:5)
  2 centaur skeletons
  Jessica (D:3)
  An iguana (D:9)
  4 worker ants
  8 gnolls
  6 adders
  4 shadow imps
  4 white imps
  3 ufetubi
  An adder skeleton (D:9)
  3 worms
  6 leopard geckos
  24 orcs
  5 ball pythons
  7 bats
  9 giant cockroaches
  6 goblins
  5 hobgoblins
  11 jackals
  2 quokkas
  12 frilled lizards
  23 kobolds
  A quokka skeleton (D:4)
  26 rats
  A fulminant prism (Lair:1)
300 creatures vanquished.

Vanquished Creatures (others)
  5 fulminant prisms (Lair:1)
  10 fungi
  5 plants (Lair:2)
20 creatures vanquished.

Grand Total: 320 creatures vanquished

Notes
Turn   | Place    | Note
-------+----------+-------------------------------------------
     0 | D:1      | Lugonue the Deep Elf Conjurer began the quest for the Orb.
     0 | D:1      | Reached XP level 1. HP: 10/10 MP: 6/6
   307 | D:1      | Reached XP level 2. HP: 15/15 MP: 6/8
   565 | D:1      | Reached skill level 5 in Conjurations
   725 | D:1      | Reached XP level 3. HP: 19/19 MP: 5/10
  1035 | D:2      | Learned a level 2 spell: Searing Ray
  1829 | D:2      | Noticed Sigmund
  1844 | D:2      | Killed Sigmund
  1844 | D:2      | Reached XP level 4. HP: 5/24 MP: 0/12
  1844 | D:2      | Reached XP level 5. HP: 6/28 MP: 0/14
  2637 | D:3      | Noticed Jessica
  2640 | D:3      | Killed Jessica
  2640 | D:3      | Reached skill level 5 in Spellcasting
  2688 | D:3      | Reached XP level 6. HP: 32/32 MP: 8/15
  2740 | D:3      | Found a shattered altar of Ashenzari.
  2879 | D:3      | Found a stormy altar of Qazlal.
  2880 | D:3      | Found a glowing golden altar of the Shining One.
  2881 | D:3      | Found a sacrificial altar of Ru.
  2908 | D:3      | You fall into a shaft and drop 1 floor!
  3271 | D:4      | Found a staircase to the Ecumenical Temple.
  3340 | D:4      | Found a glowing drain.
  3355 | Sewer    | Entered a sewer
  4134 | Temple   | Entered the Ecumenical Temple
  4241 | Temple   | Became a worshipper of Gozag Ym Sagoz the Greedy
  4369 | D:4      | Found a snail-covered altar of Cheibriados.
  4493 | D:5      | Entered Level 5 of the Dungeon
  4551 | D:5      | Noticed a sky beast
  4559 | D:5      | Killed a sky beast
  4559 | D:5      | Reached XP level 7. HP: 36/36 MP: 6/18
  4660 | D:5      | Found a shimmering altar of Xom.
  4980 | D:5      | Found a sparkling altar of Nemelex Xobeh.
  5077 | D:5      | Learned a level 4 spell: Iskenderun's Mystic Blast
  5478 | D:6      | Noticed Prince Ribbit
  5594 | D:5      | Found a blossoming altar of Fedhas.
  6013 | D:5      | Found an ancient bone altar of Kikubaaqudgha.
  6338 | D:6      | Reached skill level 1 in Shields
  6338 | D:6      | Reached XP level 8. HP: 37/40 MP: 12/21
  6425 | D:6      | Reached skill level 2 in Shields
  6508 | D:6      | Killed Prince Ribbit
  6508 | D:6      | Reached skill level 3 in Shields
  6864 | D:6      | Found a glowing silver altar of Zin.
  6864 | D:6      | Found a shimmering blue altar of Sif Muna.
  7195 | D:7      | Reached skill level 4 in Shields
  7344 | D:7      | Found a shimmering altar of Xom.
  7368 | D:7      | Reached skill level 5 in Shields
  7769 | D:7      | Reached XP level 9. HP: 44/44 MP: 13/22
  8043 | D:7      | Reached skill level 6 in Shields
  8365 | D:8      | Noticed Joseph
  8381 | D:8      | Killed Joseph
  8434 | D:8      | Noticed Maurice
  8444 | D:8      | Killed Maurice
  8444 | D:8      | Reached skill level 7 in Shields
  9010 | D:8      | Found a hazy altar of Hepliaklqana.
  9390 | D:9      | Found an ornate altar of the Wu Jian Council.
  9408 | D:9      | Reached skill level 8 in Shields
  9650 | D:9      | Found a staircase to the Lair.
  9650 | D:9      | Noticed an elephant
  9668 | D:9      | Killed an elephant
  9668 | D:9      | Reached skill level 9 in Shields
  9947 | D:9      | Reached XP level 10. HP: 40/49 MP: 12/23
 10097 | D:9      | Noticed a cyclops
 10239 | Lair:1   | Entered Level 1 of the Lair of Beasts
 10251 | Lair:1   | Noticed a cane toad
 10361 | D:9      | Bought a pair of embroidered gloves for 195 gold pieces
 10361 | D:9      | Bought a glowing leather armour for 130 gold pieces
 10820 | D:10     | Entered Level 10 of the Dungeon
 10829 | D:10     | Reached skill level 10 in Shields
 11453 | D:10     | Noticed a wizard
 11465 | D:10     | Killed a wizard
 11563 | D:10     | Noticed a wizard
 11828 | D:10     | Learned a level 3 spell: Dazzling Flash
 11834 | D:10     | Killed a wizard
 11834 | D:10     | Reached skill level 11 in Shields
 11926 | D:10     | Noticed a wizard
 11928 | D:10     | Paralysed by a wizard for 6 turns
 11938 | D:10     | Killed a wizard
 12045 | D:10     | Noticed a wizard
 12056 | D:10     | Paralysed by a wizard for 6 turns
 12067 | D:10     | Killed a wizard
 12112 | D:10     | Noticed a wizard
 12129 | D:10     | HP: 2/50 [wizard/crystal spear (22)]
 12132 | D:10     | Killed a wizard
 12132 | D:10     | Reached XP level 11. HP: 28/54 MP: 21/24
 12423 | D:10     | Noticed a wizard
 12432 | D:10     | Killed a wizard
 12432 | D:10     | Reached skill level 12 in Shields
 12459 | D:10     | Noticed a wizard
 12474 | D:10     | Noticed a wizard
 13093 | D:10     | Noticed a wizard
 13099 | D:10     | Killed a wizard
 13151 | D:10     | Noticed a wizard
 13161 | D:10     | Killed a wizard
 13253 | D:10     | Found the +3 warlock's mirror {reflect}
 13448 | D:9      | Bought a glowing leather armour for 130 gold pieces
 13722 | Lair:1   | Reached skill level 1 in Armour
 13777 | Lair:1   | Noticed Erica
 13784 | Lair:1   | Reached skill level 1 in Hexes
 13800 | Lair:1   | Killed Erica
 14143 | Lair:1   | Learned a level 4 spell: Fulminant Prism
 14751 | Lair:1   | Noticed Fannar
 14760 | Lair:1   | Reached skill level 5 in Dodging
 14786 | Lair:1   | Killed Fannar
 14992 | Lair:1   | Noticed a five-headed hydra
 15003 | Lair:1   | Killed a five-headed hydra
 15336 | Lair:2   | Reached XP level 12. HP: 59/59 MP: 24/27
 15339 | Lair:2   | Reached skill level 1 in Translocations
 15351 | Lair:2   | Reached skill level 1 in Evocations
 15909 | Lair:2   | Reached skill level 10 in Spellcasting
 15909 | Lair:2   | Reached skill level 10 in Conjurations
 16408 | Lair:1   | Mangled by a polar bear

Illustrated notes

Levels and vault maps discovered:
D:1:      ebering_trefoil_3fold, layout_basic, minivault_26
D:2:      layout_basic, uniq_sigmund
D:3:      layout_basic, chequers_temple_overflow_statue_of_worship,
          lemuel_crystal_altar, ashenzari_conservatory_becter, minivault_19,
          uniq_jessica
D:4:      layout_rooms, kennysheep_mini_moat, minmay_temple_entry_wispy,
          portal_sewer_entry_e
D:5:      layout_cave_pools, old_standard_altar,
          nemelex_xobeh_ov_fountains_minmay, kennysheep_little_box,
          grunt_ministairs_4, fedhas_altar_2
D:6:      layout_cave_pools, gammafunk_temple_overflow_wave, uniq_prince_ribbit1
D:7:      layout_rooms, serial_glass, glass_columns_c, glass_columns_b,
          glass_columns_a, glass_columns_a, glass_columns_a, glass_columns_c,
          basic_altar, grunt_ministairs_6, chequers_serial_rivers_micro_e,
          hangedman_decor_lopped
D:8:      layout_rooms, lemuel_crystal_altar, minivault_24, amethyst_killhole,
          corexii_corridor_pit, uniq_maurice, uniq_joseph
D:9:      layout_roguey, overflow_temple_1_default, david_lair_generic,
          hangedman_decor_opposing
D:10:     minmay_smoke_and_mirrors, layout_loops_corners
Temple:   dpeg_three_leaves_temple
Lair:1:   layout_hall_layers, uniq_fannar, uniq_erica
Lair:2:   beast_lair_carwin_large_4, layout_regular_city

Skill      XL: |  1  2  3  4  5  6  7  8  9 10 11 12 |
---------------+-------------------------------------+-----
Conjurations   | 5 6 7 8 9 10 | 10.0
Dodging        | 3 5 6 |  6.0
Stealth        | 3 4 |  4.6
Spellcasting   | 4 5 6 7 9 10 | 10.3
Shields        | 1 5 9 11 12 | 12.7
Armour         | 2 |  2.6
Hexes          | 2 |  2.5
Translocations | 2 |  2.2
Evocations     | 1 |  1.3

Action                   |  1- 3 |  4- 6 |  7- 9 | 10-12 || total
-------------------------+-------+-------+-------+-------++-------
Melee: Unarmed           |       |     1 |       |       ||     1
       Staff             |       |       |       |    10 ||    10
 Cast: Magic Dart        |    44 |    63 |   137 |    84 ||   328
       Searing Ray       |    14 |    33 |    62 |   121 ||   230
       Iskenderun's Myst |       |       |     5 |    28 ||    33
       Dazzling Flash    |       |       |       |    10 ||    10
       Fulminant Prism   |       |       |       |     6 ||     6
Invok: Call Merchant     |       |       |       |     1 ||     1
Evoke: Wand              |       |       |     3 |     5 ||     8
  Use: Scroll            |     4 |     8 |     2 |    20 ||    34
       Potion            |       |       |       |     5 ||     5
Armor: Robe              |       |     4 |    13 |       ||    17
       Leather armour    |       |       |       |    76 ||    76
Dodge: Dodged            |     7 |    13 |    26 |   132 ||   178
Block: Kite shield       |       |       |    28 |   189 ||   217

Table legend: (Time is in decaauts)
 A = Elapsed time spent in this place.
 B = Non-inter-level travel time spent in this place.
 C = Inter-level travel time spent in this place.
 D = Time resting spent in this place.
 E = Time spent auto-exploring this place.
 F = Levels seen in this place.
 G = Mean time per level.
                   A        B        C        D        E       F      G
               +--------+--------+--------+--------+--------+-----+--------+
         Total |  16495 |  16067 |    428 |   3289 |  10013 |  14 | 1178.2 |
       Dungeon |  13139 |  12726 |    413 |   2493 |   8282 |  10 | 1313.9 |
        Temple |    117 |    117 |      0 |      0 |     67 |   1 |  117.0 |
          Lair |   2530 |   2515 |     15 |    723 |   1165 |   2 | 1265.0 |
         Sewer |    707 |    707 |      0 |     73 |    499 |   1 |  707.0 |
               +--------+--------+--------+--------+--------+-----+--------+

Top non-repeatable levels by time:
    D:10: 2603 daAuts
     D:9: 2048 daAuts
  Lair:1: 1553 daAuts
     D:2: 1543 daAuts
     D:5: 1446 daAuts
     D:6: 1214 daAuts
     D:7: 1198 daAuts
     D:1: 1027 daAuts
  Lair:2: 976 daAuts
     D:8: 916 daAuts
     D:4: 805 daAuts
   Sewer: 707 daAuts
     D:3: 335 daAuts
  Temple: 117 daAuts
